 Dungeon Crawl Stone Soup version 0.30-a0-772-g5528072125 (webtiles) character file.

Game seed: 15023695855829460691

37 demibob the Poker (level 3, 0/27 HPs)
             Began as a Merfolk Gladiator on Feb 13, 2023.
             Slain by Terence
             ... wielding a +1 heavy mace
              (12 damage)
             ... on level 2 of the Dungeon.
             The game lasted 00:01:09 (1049 turns).

demibob the Poker (Merfolk Gladiator)               Turns: 1049, Time: 00:01:09

Health: 0/27       AC:  4    Str: 14    XL:     3   Next: 39%
Magic:  3/3        EV: 13    Int:  9    God:
Gold:   124        SH:  0    Dex: 15    Spells: 2/2 levels left

rFire   . . .      SeeInvis .    a - +0 trident
rCold   . . .      Faith    .    (no shield)
rNeg    . . .      Spirit   .    b - +0 leather armour
rPois   .          Reflect  .    c - +0 helmet
rElec   .          Harm     .    (no cloak)
rCorr   .          Rampage  .    (no gloves)
Will    +....                    (no boots)
Stlth   +                        (no amulet)
HPRegen 0.24/turn                W - ring of willpower
MPRegen 0.08/turn                (no ring)

@: flying
A: (nimble swimmer 2), mertail
a: no special abilities


You were on level 2 of the Dungeon.
You visited 1 branch of the dungeon, and saw 2 of its levels.

You collected 124 gold pieces.


Innate Abilities, Weirdness & Mutations

((You are very nimble when in or above water. (Stealth+, EV+, Speed+++)))
Your lower body shifts to a powerful aquatic tail in water.


   Skills:
 - Level 2.1 Fighting
 + Level 5.8 Polearms
 - Level 2.0 Throwing
 - Level 4.0 Dodging


You had 2 spell levels left.
You didn't know any spells.
Your spell library contained the following spells:

 Spells                   Type           Power      Damage    Failure   Level
 Portal Projectile        Hex/Tloc       0%         N/A       83%         3
 Summon Guardian Golem    Hex/Summ       0%         N/A       83%         3
 Tukima's Dance           Hex            0%         N/A       83%         3
 Blade Hands              Tmut           0%         N/A       100%        5
 Orb of Destruction       Conj           0%         9d5       100%        7
 Spellforged Servitor     Conj/Summ      0%         N/A       100%        7

Inventory:

Hand Weapons
 a - a +0 trident (weapon)
Missiles
 d - 3 throwing nets (quivered) {=f}
 e - a javelin
Armour
 b - a +0 leather armour (worn)
 c - a +0 helmet (worn)
Jewellery
 W - a ring of willpower (left hand)
Scrolls
 f - a scroll of fog {unknown}
 g - a scroll of teleportation {unknown}
 i - 5 scrolls of identify {unknown}
 j - a scroll of noise {unknown}
 k - 2 scrolls of enchant armour {unknown}
 m - a scroll of fear {unknown}
Potions
 h - a potion of flight
 l - a potion of curing {unknown}
 n - a potion of berserk rage {unknown}

Dungeon Overview and Level Annotations

Branches:
Dungeon (2/15)

Altars:

Annotations:
D:2 Terence

#.......<.▓▓.▓.▓..#
#..............▓▓.#
#..........†......#
######............#
####).......##
###########........#
#..................#
#..................#
#....@@............#
###########........#
#####........#
#............#
#............#
#......#######
#......##
#.......###
#####.........#


You could see Terence.


Message History

You see here a hobgoblin corpse.
As you open the door, it creaks loudly!
You see here a +0 spear.
Found a scroll labelled RAFAIJ ZUUXZOMIOS.
Found a dagger.
Found 11 gold pieces.
Found 11 gold pieces.
Found a faded altar of an unknown god.
i - 5 scrolls labelled RAFAIJ ZUUXZOMIOS (gained 1)
Found a rapier.
There is a faded altar of an unknown god here.
This altar belongs to (a) Trog, (b) Ashenzari or (c) Elyvilon, but you can't tell which.
Press the corresponding letter to learn more about a god, or press enter to convert or escape to cancel.
Okay, then.
Unknown command.
Press < or > to pray at altars.
You now have 113 gold pieces (gained 11).
You now have 124 gold pieces (gained 11).
You see here a +0 dagger.
Terence the Incautious comes into view.
He is wielding a +1 heavy mace.
Terence shouts!
You closely miss Terence. Terence misses you.
You barely miss Terence. You puncture Terence!
Terence is heavily wounded.
Terence hits you with a +1 heavy mace!
Ouch! That really hurt!
* * * LOW HITPOINT WARNING * * *
It was a potion of flight.
You feel very buoyant.
You fly up into the air.
Terence hits you with a +1 heavy mace!
You die...

Skill      XL: |  1  2 |
---------------+-------+-----
Polearms       | 5 |  5.8
Fighting       | |  2.1
Throwing       | |  2.0
Dodging        | |  4.0

Action                     || total
---------------------------++-------
  Melee: Trident           ||    68
         Tailslap          ||     1
    Use: Potion            ||     1
 Armour: Leather armour    ||    12
  Dodge: Dodged            ||    38

Levels and vault maps discovered:
D:1:      wander_arrival_desolate, layout_basic, hangedman_glass_teeth
D:2:      kennysheep_big_flooded_room, layout_basic, serial_shops,
          nicolae_shop_crystal, hellmonk_ecumenical_altar_arch_garden,
          palyth_stone_intersect, minmay_tromino_v7, uniq_terence

Notes
Turn   | Place    | Note
-------+----------+-------------------------------------------
     0 | D:1      | demibob the Merfolk Gladiator began the quest for the Orb.
     0 | D:1      | Reached XP level 1. HP: 16/16 MP: 1/1
   102 | D:1      | Reached XP level 2. HP: 15/22 MP: 2/2
   267 | D:1      | Reached skill level 5 in Polearms
   643 | D:2      | Reached XP level 3. HP: 26/27 MP: 3/3
   996 | D:2      | Found a faded altar of an unknown god.
  1042 | D:2      | Noticed Terence
  1049 | D:2      | Slain by Terence

Vanquished Creatures
  An adder (D:2)
  A dart slug (D:2)
  3 ball pythons
  A bat (D:1)
  2 goblins (D:1)
  3 hobgoblins
  5 jackals
  2 quokkas
  A frilled lizard (D:2)
  A kobold (D:2)
  3 rats
23 creatures vanquished.

Table legend: (Time is in decaauts)
 A = Elapsed time spent in this place.
 B = Non-inter-level travel time spent in this place.
 C = Inter-level travel time spent in this place.
 D = Time resting spent in this place.
 E = Time spent auto-exploring this place.
 F = Levels seen in this place.
 G = Mean time per level.
                   A        B        C        D        E       F      G
               +--------+--------+--------+--------+--------+-----+--------+
         Total |   1043 |   1030 |     13 |     48 |    803 |   2 |  521.5 |
       Dungeon |   1043 |   1030 |     13 |     48 |    803 |   2 |  521.5 |
               +--------+--------+--------+--------+--------+-----+--------+

Top non-repeatable levels by time:
     D:2: 581 daAuts
     D:1: 462 daAuts

Table legend:
 A = Non-vault XP
 B = Vault XP
 C = Vault XP percentage of total XP
 D = Non-vault monster count
 E = Vault monster count
 F = Vault count percentage of total count
                 A         B        C        D         E       F
            +---------+---------+-------+---------+---------+-------
      Total |      33 |      20 |  37.7 |      18 |       5 |  21.7
            +---------+---------+-------+---------+---------+-------
        D:1 |      18 |       0 |   0.0 |      10 |       0 |   0.0
        D:2 |      15 |      20 |  57.1 |       8 |       5 |  38.5
            +---------+---------+-------+---------+---------+-------
